cohdb
Replays
Latest Replays
All Replays
Popular Replays
Top Player Replays
Match Explorer
How It Works
Community
CoH3 Stats
Reddit
Sign in to upload your games and track your stats! →
Sign in with Steam
Match 44711289
Unlisted
Match 44711289
Overview
Messages
Build Orders
End
Construct Infanterie Kompanie
MG 42 Machine Gun Team
Grenadier Squad
GrW 34 Mortar Team
Medical Station
Construct Panzergrenadier Kompanie
Grenadier Squad
Selects Mechanized Battlegroup
Selects Raid Package
Panzergrenadier Squad
Support Elements
Nebelwerfer 42 Rocket Launcher Team
Selects StuG Assault Group
StuG Assault Group
StuG Assault Group
Selects UNKNOWN (2160084)
Construct Panzer Kompanie
malador
Define
MILK W/NO DATE ON IT
Бледный призрак
Ioann
Koous
Ulpia Victrix
Lgeprorok
0
0
Comments
sign in to comment!
No comments posted yet!